[Event "Titled Tuesday Blitz November 15 Early 2022"]
[White "Zanette, Edgard Vinicius"]
[Black "Aaditya Dhingra"]
[WhiteFideId "2109263"]
[BlackFideId "25678191"]
[WhiteElo "2211"]
[BlackElo "2054"]
[Result "1/2-1/2"]
[Round "03"]
[TimeControl "180+1"]
[Date "2022.11.16"]
[WhiteClock "0:00:08"]
[BlackClock "0:00:09"]

1. e4 c6 2. d4 d5 3. e5 Bf5 4. h4 h5 5. c4 e6 6. Nc3 Nd7 7. cxd5 exd5 8. Bd3 Ne7 9. Bg5 Bxd3 10. Qxd3 Qa5 11. Ne2 O-O-O 12. O-O Re8 13. b4 Qxb4 14. Rab1 Qc4 15. Qd2 f6 16. Bf4 Ng6 17. exf6 gxf6 18. Bg3 Bh6 19. Qb2 Qa6 20. Qb4 Bf8 21. Qb2 Rg8 22. Nxd5 f5 23. Nef4 Nxf4 24. Bxf4 Re4 25. Rfc1 Rxf4 26. Nxf4 Bh6 27. Qb3 Rg4 28. Ne6 Bxc1 29. Rxc1 Qe2 30. Nc5 Nxc5 31. dxc5 Qe7 32. Qc3 Rxh4 33. Qh8+ Kc7 34. Qh6 Re4 35. Qd2 f4 36. Rd1 b6 37. cxb6+ axb6 38. Qd3 c5 39. Qd5 Re1+ 40. Rxe1 Qxe1+ 41. Kh2 Qxf2 42. Qf7+ Kc6 43. Qe6+ Kb5 44. Qb3+ Ka6 45. Qc4+ Ka5 46. Qc3+ Kb5 47. Qb3+ Kc6 48. Qe6+ Kb7 49. Qd7+ Ka6 50. Qa4+ Kb7 51. Qd7+ Kb8 52. Qd8+ Kb7 53. Qd7+ 1/2-1/2


[Site "https://www.chess.com"]

[Event "Titled Tuesday Blitz November 15 Early 2022"]
[White "Zemlyanskii, Ivan"]
[Black "Nakamura, Hikaru"]
[WhiteFideId "24249971"]
[BlackFideId "2016192"]
[WhiteElo "2107"]
[BlackElo "2909"]
[Result "0-1"]
[Round "03"]
[TimeControl "180+1"]
[Date "2022.11.15"]
[WhiteClock "0:00:01"]
[BlackClock "0:00:54"]

1. d4 g6 2. c4 Bg7 3. Nc3 c5 4. d5 Bxc3+ 5. bxc3 Qa5 6. Bd2 f5 7. g3 Nf6 8. Bg2 d6 9. Nh3 Nbd7 10. Ng5 Ne5 11. Qb3 Qa6 12. Ne6 Bxe6 13. dxe6 Ne4 14. Qb5+ Kd8 15. Qxa6 bxa6 16. f3 Nxd2 17. f4 Rb8 18. Kxd2 Nxc4+ 19. Kd3 Nb2+ 20. Kc2 Kc7 21. Bd5 Na4 22. Rab1 Nb6 23. e4 fxe4 24. Bxe4 d5 25. Bf3 Kd6 26. Rbd1 Rhd8 27. Rhe1 Kc7 28. Re5 Nc4 29. Re2 Rb2+ 30. Kd3 a5 31. Bxd5 Rxe2 32. Kxe2 Nb6 33. Be4 Rxd1 34. Kxd1 Kd6 35. f5 gxf5 36. Bxf5 h6 37. h4 Ke5 38. g4 Nd5 39. Kd2 h5 40. Kd3 c4+ 41. Kxc4 hxg4 42. Bb1 g3 0-1


[Site "https://www.chess.com"]

[Event "Titled Tuesday Blitz November 15 Early 2022"]
[White "Zeydan, Salih"]
[Black "Adithya A Chullikkad"]
[WhiteFideId "6361722"]
[BlackFideId "45078734"]
[WhiteElo "1988"]
[BlackElo "2106"]
[Result "1/2-1/2"]
[Round "03"]
[TimeControl "180+1"]
[Date "2022.11.16"]
[WhiteClock "0:01:19"]
[BlackClock "0:01:25"]

1. e4 c5 2. Nf3 d6 3. c3 Nf6 4. Bd3 e6 5. O-O Nbd7 6. Re1 b6 7. a4 Bb7 8. a5 Be7 9. Bc2 O-O 10. d4 cxd4 11. cxd4 e5 12. Nc3 exd4 13. Nxd4 Nc5 14. Bg5 h6 15. Bh4 Nfd7 16. Bxe7 Qxe7 17. Nf5 Qe5 18. Nxd6 Bc6 19. Nc4 Qg5 20. axb6 axb6 21. Ne3 Nf6 22. Ned5 Rxa1 23. Qxa1 Nxd5 24. exd5 Bxd5 25. Nxd5 Qxd5 26. Rd1 Qe5 27. Qa3 Re8 28. h3 Qe2 29. Qc3 Ne4 30. Bxe4 Qxd1+ 31. Kh2 Rxe4 32. Qc8+ Kh7 33. Qf5+ g6 34. Qxf7+ Kh8 35. Qf6+ Kh7 36. Qf7+ Kh8 37. Qf6+ Kh7 38. Qf7+ 1/2-1/2


[Site "https://www.chess.com"]

[Event "Titled Tuesday Blitz November 15 Early 2022"]
[White "Zhigalko, Sergei"]
[Black "Parligras, Mircea-Emilian"]
[WhiteFideId "13502956"]
[BlackFideId "1204297"]
[WhiteElo "2662"]
[BlackElo "2507"]
[Result "0-1"]
[Round "03"]
[TimeControl "180+1"]
[Date "2022.11.15"]
[WhiteClock "0:00:02"]
[BlackClock "0:00:14"]

1. e4 e5 2. Nf3 Nc6 3. Bb5 Nf6 4. O-O Nxe4 5. d4 Nd6 6. Bxc6 dxc6 7. dxe5 Nf5 8. Qxd8+ Kxd8 9. Nc3 Ke8 10. h3 Be7 11. g4 Nh4 12. Nxh4 Bxh4 13. Kg2 Be7 14. Be3 h5 15. f3 b6 16. Rad1 Be6 17. Ne2 hxg4 18. hxg4 Rd8 19. Nf4 Rxd1 20. Rxd1 Bd7 21. Nh5 Rh7 22. a4 a5 23. b3 c5 24. c4 Bc6 25. Kg3 f5 26. exf6 gxf6 27. Bf4 Bd8 28. Rd2 Rd7 29. Kf2 Rxd2+ 30. Bxd2 Kf7 31. Ng3 Be7 32. Bf4 Bd6 33. Ke3 Ke6 34. Nf5 Bd7 35. Ng7+ Ke7 36. Nh5 Be8 37. Ng3 Bg6 38. Ne4 Ke6 39. Bxd6 cxd6 40. f4 f5 41. gxf5+ Bxf5 42. Kf3 d5 43. Ng5+ Kd6 44. cxd5 Kxd5 45. Ke3 Bc2 46. Nf3 Bxb3 47. f5 Bxa4 48. Kf4 Be8 49. Ne5 a4 50. f6 Ke6 51. f7 Bxf7 52. Nc4 b5 53. Nb6 a3 0-1


[Site "https://www.chess.com"]

[Event "Titled Tuesday Blitz November 15 Early 2022"]
[White "Aaditya Dhingra"]
[Black "Smietanska, Wiktoria"]
[WhiteFideId "25678191"]
[BlackFideId "21869359"]
[WhiteElo "2054"]
[BlackElo "1695"]
[Result "1-0"]
[Round "04"]
[TimeControl "180+1"]
[Date "2022.11.16"]
[WhiteClock "0:01:06"]
[BlackClock "0:00:02"]

1. e4 c5 2. Nf3 d6 3. Bb5+ Nd7 4. d4 cxd4 5. Qxd4 Nf6 6. O-O g6 7. e5 dxe5 8. Nxe5 Bg7 9. Rd1 O-O 10. Nxd7 Nxd7 11. Qd3 Qc7 12. Nc3 Nc5 13. Qg3 Qxg3 14. hxg3 a6 15. Be2 Be6 16. Be3 Rac8 17. Bf3 b5 18. Bd4 Bxd4 19. Rxd4 Rfd8 20. Rad1 Rd7 21. Rxd7 Nxd7 22. Bb7 Rc7 23. Bxa6 b4 24. Nd5 Bxd5 25. Rxd5 Nf6 26. Rd2 Ne4 27. Re2 Nc5 28. Bc4 Na4 29. b3 Nc3 30. Rd2 Nxa2 31. Rd8+ Kg7 32. Rb8 Rd7 33. Kh2 Rd2 34. Rb7 e6 35. Bxe6 Rxf2 36. Kg1 Rf6 37. Bc4 Kg8 38. g4 Rf4 39. g3 Kf8 40. gxf4 1-0


[Site "https://www.chess.com"]

[Event "Titled Tuesday Blitz November 15 Early 2022"]
[White "Abdusattorov, Nodirbek"]
[Black "Kosakowski, Jakub"]
[WhiteFideId "14204118"]
[BlackFideId "1185080"]
[WhiteElo "2665"]
[BlackElo "2463"]
[Result "1-0"]
[Round "04"]
[TimeControl "180+1"]
[Date "2022.11.15"]
[WhiteClock "0:00:55"]
[BlackClock "0:00:23"]

1. a3 h6 2. e4 e5 3. Nf3 Nc6 4. Bb5 a6 5. Ba4 Nf6 6. O-O Nxe4 7. d4 b5 8. Bb3 d5 9. dxe5 Be6 10. Be3 Be7 11. Nbd2 Nc5 12. Ba2 d4 13. Bf4 Bxa2 14. Rxa2 Ne6 15. Bg3 O-O 16. Ra1 Qd5 17. Re1 Rad8 18. Ne4 Na5 19. b3 c5 20. Nh4 g6 21. Qd2 Kh7 22. Qxa5 d3 23. Rad1 c4 24. bxc4 Qxc4 25. cxd3 Rxd3 26. Rc1 Qd4 27. Nf3 Qb2 28. Qxa6 Rxa3 29. Qb7 Bb4 30. Rb1 1-0


[Site "https://www.chess.com"]

[Event "Titled Tuesday Blitz November 15 Early 2022"]
[White "Acor, Corey"]
[Black "Mohamed Anees M"]
[WhiteFideId "2024861"]
[BlackFideId "35065815"]
[WhiteElo "2340"]
[BlackElo "2135"]
[Result "1-0"]
[Round "04"]
[TimeControl "180+1"]
[Date "2022.11.16"]
[WhiteClock "0:00:12"]
[BlackClock "0:00:02"]

1. e4 c5 2. Nc3 Nc6 3. g3 g6 4. Bg2 Bg7 5. d3 d6 6. Be3 e6 7. Nf3 Nd4 8. Bd2 Ne7 9. Nxd4 cxd4 10. Ne2 d5 11. O-O dxe4 12. dxe4 O-O 13. c3 Nc6 14. f4 Qb6 15. Kh1 Qxb2 16. cxd4 Nxd4 17. e5 Nxe2 18. Qxe2 Rd8 19. Rfd1 Rb8 20. Qf2 b6 21. Be3 Rxd1+ 22. Rxd1 Qxf2 23. Rd8+ Bf8 24. Bxf2 Kg7 25. g4 Bc5 26. Bh4 b5 27. Bf6+ Kh6 28. Rh8 a5 29. Rg8 1-0


[Site "https://www.chess.com"]

[Event "Titled Tuesday Blitz November 15 Early 2022"]
[White "Adithya A Chullikkad"]
[Black "Tarasova, Viktoriya"]
[WhiteFideId "45078734"]
[BlackFideId "4175840"]
[WhiteElo "2106"]
[BlackElo "2182"]
[Result "0-1"]
[Round "04"]
[TimeControl "180+1"]
[Date "2022.11.16"]
[WhiteClock "0:01:18"]
[BlackClock "0:00:09"]

1. d4 Nf6 2. Bf4 d5 3. e3 c5 4. h3 Nc6 5. c3 e6 6. Nd2 Bd6 7. Ne2 O-O 8. Bxd6 Qxd6 9. Nc1 b6 10. Be2 e5 11. O-O exd4 12. cxd4 cxd4 13. exd4 Nxd4 14. Bd3 Nc6 15. Ncb3 Be6 16. Nc4 Qe7 17. Ne3 Qd7 18. Rc1 a6 19. Qe2 Qb7 20. Bxa6 Rxa6 21. Rxc6 Rxa2 22. Rfc1 Ne4 23. Nd4 Nc5 24. Rc2 Rfa8 25. b4 Ra1+ 26. Kh2 Bd7 27. Rd6 Ne4 28. Rxd5 Qb8+ 29. g3 Be8 30. Nef5 Nf6 31. Rc8 Qb7 32. Rxa8 Qxa8 33. Re5 Qh1# 0-1


[Site "https://www.chess.com"]

[Event "Titled Tuesday Blitz November 15 Early 2022"]
[White "Golubova, Anna"]
[Black "Nissinen, Niilo Man"]
[WhiteFideId "24173606"]
[BlackFideId "30950767"]
[WhiteElo "2047"]
[BlackElo "1896"]
[Result "1-0"]
[Round "04"]
[TimeControl "180+1"]
[Date "2022.11.16"]
[WhiteClock "0:02:18"]
[BlackClock "0:00:18"]

1. d4 Nf6 2. Nf3 g6 3. g3 Bg7 4. Bg2 O-O 5. O-O c5 6. c4 cxd4 7. Nxd4 Nc6 8. Nc3 Nxd4 9. Qxd4 a6 10. Rd1 d6 11. Nd5 Nxd5 12. Qxd5 Qc7 13. Rb1 Bf5 14. Be4 Bxe4 15. Qxe4 Rfe8 16. Be3 Rac8 17. b3 b5 18. cxb5 axb5 19. Rbc1 Qa5 20. Rxc8 Rxc8 21. Qxe7 Qxa2 22. Rxd6 Qa1+ 23. Kg2 Qa8+ 24. f3 Bf8 25. Qf6 Bxd6 26. Bd4 Kf8 27. Qxd6+ Ke8 28. Bc5 Qb7 29. Qf8+ Kd7 30. Qe7+ Kc6 31. Qd6# 1-0


[Site "https://www.chess.com"]

[Event "Titled Tuesday Blitz November 15 Early 2022"]
[White "Aggelis, Nikolaos"]
[Black "Torres Dominguez, David"]
[WhiteFideId "4213220"]
[BlackFideId "2220857"]
[WhiteElo "2189"]
[BlackElo "2037"]
[Result "1-0"]
[Round "04"]
[TimeControl "180+1"]
[Date "2022.11.16"]
[WhiteClock "0:01:27"]
[BlackClock "0:00:58"]

1. Nf3 e6 2. d4 d5 3. g3 Nf6 4. Bg2 Be7 5. O-O O-O 6. c4 c6 7. Nbd2 Nbd7 8. b3 b6 9. Bb2 Bb7 10. Ne5 Rc8 11. Rc1 Ba8 12. Re1 Re8 13. h4 Bf8 14. a3 c5 15. Nxd7 Nxd7 16. e4 dxe4 17. Nxe4 cxd4 18. Qxd4 Qe7 19. Rcd1 Red8 20. Nd6 Qxd6 21. Qxd6 Bxd6 22. Rxd6 Bxg2 23. Kxg2 Nc5 24. Rxd8+ Rxd8 25. b4 Nd3 26. Re2 f6 27. Bc3 Kf7 28. Rd2 Rd7 29. Kf1 Ke7 30. Ke2 Nc1+ 31. Kd1 Rxd2+ 32. Kxd2 Nb3+ 33. Kc2 a5 34. Kxb3 Kd7 35. bxa5 bxa5 36. Bxa5 Kc6 37. Bb4 1-0


[Site "https://www.chess.com"]

[Event "Titled Tuesday Blitz November 15 Early 2022"]
[White "Ahn, Hongjin"]
[Black "Arbunic Castro, Giovanna"]
[WhiteFideId "13201492"]
[BlackFideId "3400549"]
[WhiteElo "2182"]
[BlackElo "1888"]
[Result "1-0"]
[Round "04"]
[TimeControl "180+1"]
[Date "2022.11.16"]
[WhiteClock "0:00:21"]
[BlackClock "0:00:02"]

1. e4 g6 2. Nc3 Bg7 3. Nf3 c5 4. d4 cxd4 5. Nxd4 Nc6 6. Be3 Nf6 7. Bc4 Qa5 8. O-O d6 9. Bb3 Ng4 10. Nxc6 bxc6 11. Bd2 O-O 12. h3 Nf6 13. f4 Qb6+ 14. Kh2 e6 15. Qf3 d5 16. Be3 Qc7 17. Rad1 Bb7 18. Bc5 Rfd8 19. e5 Nd7 20. Bd6 Qc8 21. Ne2 c5 22. c3 f6 23. f5 Nxe5 24. Bxe5 fxe5 25. fxg6 Rf8 26. gxh7+ Kh8 27. Qg4 Qc7 28. Qxe6 e4+ 29. Kh1 Rae8 30. Rxf8+ Rxf8 31. Bxd5 Bxd5 32. Qxd5 Qg3 33. Qxe4 Qf2 34. a4 Rf7 35. Rd8+ Rf8 36. Rxf8+ Bxf8 37. Nf4 Bd6 38. Qe8+ Kxh7 39. Qd7+ Kh6 40. Qxd6+ 1-0


[Site "https://www.chess.com"]

[Event "Titled Tuesday Blitz November 15 Early 2022"]
[White "Al-Tarboush, Ward"]
[Black "Van Foreest, Machteld"]
[WhiteFideId "7601450"]
[BlackFideId "1051563"]
[WhiteElo "2273"]
[BlackElo "2018"]
[Result "0-1"]
[Round "04"]
[TimeControl "180+1"]
[Date "2022.11.16"]
[WhiteClock "0:00:44"]
[BlackClock "0:00:08"]

1. e4 c5 2. Nf3 e6 3. d4 cxd4 4. Nxd4 Nc6 5. Nc3 Nf6 6. Nxc6 bxc6 7. e5 Nd5 8. Ne4 Qc7 9. f4 Rb8 10. Bd3 Be7 11. O-O Qb6+ 12. Kh1 Ne3 13. Bxe3 Qxe3 14. Qg4 g6 15. Rae1 h5 16. Qd1 Qb6 17. Nd6+ Bxd6 18. exd6 f5 19. Bc4 Ba6 20. Bxa6 Qxa6 21. Qd4 Kf7 22. Rf3 Qxa2 23. h3 Qxb2 24. Qxa7 Rb7 25. Qe3 Qxc2 26. Rg3 Rhb8 27. Kh2 Rb3 28. Qa7 R8b7 29. Qa8 Qf2 30. Rxb3 Rxb3 31. Rg1 Qxf4+ 32. Kh1 Qh4 33. Kh2 Qf4+ 34. Kh1 Qe4 35. Kh2 Qe5+ 36. Kh1 Qd5 37. Kh2 Qxd6+ 38. Kh1 Qd5 39. Kh2 Qe5+ 40. Kh1 Qe4 41. Kh2 Qe5+ 42. Kh1 f4 43. Qd8 Qd5 44. Qh4 f3 45. Qf4+ Kg7 46. Kh2 fxg2 47. Rxg2 Rd3 48. Rf2 Qd6 49. Qxd6 Rxd6 50. Kg3 Rd5 51. Rb2 c5 52. Rb7 Kf6 53. Rc7 Ke5 54. Kf3 Rd3+ 55. Ke2 Rd5 56. Ke3 Kf5 57. Rc8 g5 58. Rf8+ Ke5 59. Rg8 Kd6 60. Rh8 g4 61. h4 c4 62. Rc8 Rc5 63. Ra8 c3 64. Ra6+ Rc6 65. Ra1 c2 66. Rc1 Ke5 67. Kd2 Kf4 68. Rf1+ Kg3 69. Kc1 Kxh4 70. Rh1+ Kg5 71. Re1 h4 72. Re5+ Kf4 73. Rh5 h3 74. Rh8 g3 75. Rf8+ Ke3 76. Rh8 g2 77. Rg8 h2 78. Rg3+ Kf2 79. Rf3+ Kxf3 0-1


[Site "https://www.chess.com"]

[Event "Titled Tuesday Blitz November 15 Early 2022"]
[White "Ambartsumova, Karina"]
[Black "Le, Tuan Minh"]
[WhiteFideId "4166299"]
[BlackFideId "12401153"]
[WhiteElo "2319"]
[BlackElo "2530"]
[Result "0-1"]
[Round "04"]
[TimeControl "180+1"]
[Date "2022.11.16"]
[WhiteClock "0:00:02"]
[BlackClock "0:01:39"]

1. d4 d5 2. c4 c6 3. Nf3 Nf6 4. g3 Bf5 5. Qb3 Qc8 6. Nc3 e6 7. Bg2 h6 8. O-O Be7 9. Bf4 Nbd7 10. Rac1 O-O 11. Ne5 Nb6 12. c5 Nbd7 13. Qd1 Rd8 14. b4 Nxe5 15. Bxe5 Nd7 16. Bf4 Bf6 17. e4 dxe4 18. Bxe4 Nf8 19. Bd6 e5 20. Qd3 Bh3 21. Rfd1 exd4 22. Ne2 Ne6 23. Kh1 Ng5 24. Nxd4 Nxe4 25. Qxe4 Re8 26. Qd3 Qg4 27. f3 Qh5 28. g4 Qd5 29. Nf5 Re1+ 30. Rxe1 Qxd3 31. Re3 Qd2 0-1


[Site "https://www.chess.com"]

[Event "Titled Tuesday Blitz November 15 Early 2022"]
[White "Andreev, Eduard"]
[Black "Gokerkan, Cem Kaan"]
[WhiteFideId "14103400"]
[BlackFideId "6336760"]
[WhiteElo "2368"]
[BlackElo "2365"]
[Result "0-1"]
[Round "04"]
[TimeControl "180+1"]
[Date "2022.11.16"]
[WhiteClock "0:00:04"]
[BlackClock "0:00:13"]

1. e4 Nf6 2. e5 Nd5 3. c4 Nb6 4. d4 d6 5. exd6 cxd6 6. d5 e6 7. Nc3 Be7 8. Nf3 O-O 9. Bd3 exd5 10. cxd5 Bg4 11. O-O N8d7 12. h3 Bh5 13. Be2 Re8 14. Bf4 Rc8 15. Rc1 Bxf3 16. Bxf3 Bg5 17. Qd2 Nc4 18. Qd4 Bxf4 19. Qxf4 Nde5 20. Bg4 Nd3 21. Qd4 Nxc1 22. Bxc8 Qxc8 23. Rxc1 Nb6 24. Qf4 Qd7 25. Qd2 h6 26. Re1 Rc8 27. Qd4 Nc4 28. Re2 Ne5 29. Qxa7 Ng6 30. Qd4 Qf5 31. Qe4 Qg5 32. Qg4 Qd8 33. f4 h5 34. Qf3 Qf6 35. Re4 h4 36. Qg4 Ra8 37. Qf3 b5 38. a3 Rc8 39. Qe3 Kh7 40. Qf3 Rc4 41. Rxc4 bxc4 42. f5 Qd4+ 43. Kh2 Ne5 44. Qh5+ Kg8 45. f6 Qf4+ 46. Kh1 Qxf6 47. Qe2 Qf4 48. Ne4 Nd3 49. Kg1 Qc1+ 50. Kh2 Nxb2 51. Nxd6 Qf4+ 52. Kg1 Qd4+ 53. Kh2 c3 54. Nf5 Qf4+ 55. Kh1 Qxf5 56. Qe8+ Kh7 57. d6 c2 58. d7 c1=Q+ 59. Kh2 Qff4+ 60. g3 Qxg3# 0-1


[Site "https://www.chess.com"]

[Event "Titled Tuesday Blitz November 15 Early 2022"]
[White "Aponte Ramos, Argimiro"]
[Black "Malka, Samuel"]
[WhiteFideId "3900568"]
[BlackFideId "20643675"]
[WhiteElo "2216"]
[BlackElo "2458"]
[Result "0-1"]
[Round "04"]
[TimeControl "180+1"]
[Date "2022.11.16"]
[WhiteClock "0:00:01"]
[BlackClock "0:00:12"]

1. d4 Nf6 2. Nf3 g6 3. Nc3 d5 4. Bf4 Bg7 5. e3 O-O 6. Be2 c5 7. O-O cxd4 8. exd4 Nc6 9. Ne5 Be6 10. Bf3 Qb6 11. Nxc6 bxc6 12. Na4 Qa5 13. Nc5 Bf5 14. c3 Nd7 15. Nb3 Qb6 16. Re1 Rfe8 17. g4 Be6 18. h3 a5 19. Qd2 a4 20. Nc1 Ra7 21. Nd3 c5 22. Nxc5 Nxc5 23. dxc5 Qc6 24. Be5 f6 25. Bg3 Bf7 26. Rad1 Rd7 27. c4 Red8 28. cxd5 Bxd5 29. Bxd5+ Rxd5 30. Qe2 e5 31. Qc4 Kf8 32. Rxd5 Rxd5 33. Rc1 Ke7 34. b4 Bh6 35. b5 Qe6 36. Re1 Bd2 37. Rf1 Rd4 38. Qc2 Ba5 39. b6 Rc4 40. Qe2 Rxc5 41. Qe4 Bxb6 42. Qb7+ Rc7 43. Qb8 Qd7 44. Qh8 Ke6 45. Qg8+ Qf7 46. Qa8 Bd4 47. Qxa4 Qd7 48. Qd1 Qd5 49. Qe2 Ra7 0-1


[Site "https://www.chess.com"]

[Event "Titled Tuesday Blitz November 15 Early 2022"]
[White "Aradhya, Garg"]
[Black "Mamedov, Edgar"]
[WhiteFideId "25006746"]
[BlackFideId "13739980"]
[WhiteElo "2223"]
[BlackElo "2183"]
[Result "1-0"]
[Round "04"]
[TimeControl "180+1"]
[Date "2022.11.16"]
[WhiteClock "0:01:53"]
[BlackClock "0:00:02"]

1. d4 Nf6 2. c4 e6 3. Nc3 Bb4 4. e3 O-O 5. Bd2 c5 6. a3 Bxc3 7. Bxc3 Ne4 8. Rc1 cxd4 9. Bxd4 Nc6 10. Nf3 Nxd4 11. Qxd4 Qa5+ 12. Nd2 Nxd2 13. Qxd2 Qc7 14. Be2 b6 15. O-O Bb7 16. Rfd1 Rad8 17. Qd6 Qc5 18. Qxc5 bxc5 19. Rd6 f5 20. b4 cxb4 21. axb4 Rf7 22. Rcd1 Kf8 23. Rxe6 f4 24. c5 Rc8 25. Red6 fxe3 26. fxe3 Re8 27. Rxd7 Rxe3 28. Rxf7+ Kxf7 29. Rd7+ Re7 30. Bc4+ Ke8 31. Rxe7+ Kxe7 32. Kf2 Kf6 33. g3 Ke5 34. Ke3 g5 35. Bd3 h6 36. b5 Bc8 37. b6 axb6 38. cxb6 Bb7 39. Bc2 h5 40. h4 gxh4 41. gxh4 Kd6 42. Be4 Ba6 43. Kf4 Be2 44. Kg5 Bd1 45. Bg6 Kc6 46. Bxh5 Bb3 47. Bf3+ Kxb6 48. h5 Kc7 49. h6 Bc2 50. Bh5 Bh7 51. Bg6 Bg8 52. Kf6 Kd6 53. Kg7 Ke7 54. Kxg8 Kf6 55. Bf7 Kg5 56. h7 1-0


[Site "https://www.chess.com"]

[Event "Titled Tuesday Blitz November 15 Early 2022"]
[White "Ardila, Oscar Humberto"]
[Black "Rosenberg, Evan S"]
[WhiteFideId "4404742"]
[BlackFideId "2019299"]
[WhiteElo "1959"]
[BlackElo "2368"]
[Result "0-1"]
[Round "04"]
[TimeControl "180+1"]
[Date "2022.11.16"]
[WhiteClock "0:01:59"]
[BlackClock "0:02:14"]

1. d4 d5 2. c4 e6 3. Nc3 c5 4. Nf3 cxd4 5. Nxd4 e5 6. Nf3 d4 7. Ne4 f5 8. Ned2 e4 9. Ng1 Nc6 10. Nb3 Bd6 11. Bd2 e3 12. fxe3 Qh4+ 13. g3 Bxg3+ 14. hxg3 Qxg3# 0-1


[Site "https://www.chess.com"]

[Event "Titled Tuesday Blitz November 15 Early 2022"]
[White "Artemenko, Oleg"]
[Black "Goltseva, Ekaterina"]
[WhiteFideId "14201798"]
[BlackFideId "24173770"]
[WhiteElo "2287"]
[BlackElo "2200"]
[Result "1-0"]
[Round "04"]
[TimeControl "180+1"]
[Date "2022.11.16"]
[WhiteClock "0:00:39"]
[BlackClock "0:00:01"]

1. d4 d5 2. Nc3 Nf6 3. Bf4 e6 4. Nb5 Na6 5. e3 Be7 6. Nf3 O-O 7. h4 c6 8. Nc3 Qa5 9. Bd3 Nb4 10. a3 Nxd3+ 11. cxd3 b5 12. Ne5 Bb7 13. b4 Qd8 14. g4 a5 15. Rb1 axb4 16. axb4 Nd7 17. g5 Nxe5 18. Bxe5 f6 19. gxf6 gxf6 20. Bf4 Kh8 21. Qh5 Bd6 22. Bxd6 Qxd6 23. Rg1 e5 24. Ne2 Bc8 25. Qh6 Ra7 26. dxe5 Qe7 27. Nf4 Bf5 28. Rg6 fxe5 29. Re6 Qf7 30. Rxe5 Rg8 31. Kf1 Ra2 32. Rc1 Rb2 33. Qxc6 Bg4 34. Qc3 1-0


[Site "https://www.chess.com"]

[Event "Titled Tuesday Blitz November 15 Early 2022"]
[White "Barbashin, Igor"]
[Black "Saya, Ethan"]
[WhiteFideId "4155718"]
[BlackFideId "26095181"]
[WhiteElo "2138"]
[BlackElo "2162"]
[Result "1-0"]
[Round "04"]
[TimeControl "180+1"]
[Date "2022.11.16"]
[WhiteClock "0:00:24"]
[BlackClock "0:00:05"]

1. d4 g6 2. c4 Bg7 3. Nc3 d6 4. Nf3 a6 5. e4 Nd7 6. Be2 e6 7. O-O h6 8. Be3 Ne7 9. Qd2 b6 10. Rad1 Bb7 11. b4 g5 12. a3 Ng6 13. c5 Qf6 14. cxd6 cxd6 15. Rfe1 Nf4 16. e5 Nxe2+ 17. Rxe2 Qf5 18. d5 Nxe5 19. Nd4 Qg4 20. h3 Qh5 21. dxe6 O-O 22. e7 Rfe8 23. Nf5 g4 24. Ng3 Qg6 25. h4 Rac8 26. Nd5 Nc4 27. Qa2 b5 28. h5 Qe6 29. Bf4 Qxe7 30. Nxe7+ Kf8 31. Nd5 Red8 32. Ne3 d5 33. Nxc4 bxc4 34. Be5 d4 35. Bxg7+ Kxg7 36. Nf5+ Kf6 37. Nxd4 c3 38. Qc2 Kg7 39. Nf5+ Kf8 40. Rxd8+ Rxd8 41. Qxc3 Rd1+ 42. Kh2 g3+ 43. fxg3 Rh1+ 44. Kxh1 Bxg2+ 45. Kh2 1-0


[Site "https://www.chess.com"]

[Event "Titled Tuesday Blitz November 15 Early 2022"]
[White "Barria Zuniga, Daniel"]
[Black "Ibarra Jerez, Jose Carlos"]
[WhiteFideId "3400816"]
[BlackFideId "2226332"]
[WhiteElo "2414"]
[BlackElo "2638"]
[Result "0-1"]
[Round "04"]
[TimeControl "180+1"]
[Date "2022.11.16"]
[WhiteClock "0:00:06"]
[BlackClock "0:00:08"]

1. c4 e5 2. g3 Nf6 3. Bg2 c6 4. d4 exd4 5. Qxd4 Na6 6. Nf3 Bc5 7. Qd1 O-O 8. O-O d5 9. cxd5 Nxd5 10. a3 Qf6 11. Qc2 Re8 12. Bg5 Qg6 13. Qxg6 hxg6 14. Re1 f6 15. Bd2 Be6 16. Nc3 Rad8 17. Rac1 Bf8 18. b4 Nb6 19. Be3 Nc4 20. b5 cxb5 21. Nxb5 Nxe3 22. fxe3 Bd7 23. Nfd4 Nc5 24. Nxa7 Rxe3 25. Nab5 Kh7 26. Rc3 Re5 27. Rb1 Ne4 28. Rcc1 Bc5 29. Bxe4 Bxb5 30. Rxc5 Rxc5 31. Nxb5 b6 32. Bf3 Rd2 33. Kf2 g5 34. Rb3 f5 35. h3 Rc4 36. g4 g6 37. Rb4 Rc5 38. a4 Ra2 39. Rd4 Kg7 40. Rd7+ Kf8 41. Rd6 Rxa4 42. Rxb6 Rb4 43. Rb8+ Kg7 44. Rb7+ Kh6 45. Nd6 Rxb7 46. Nxb7 Rc1 47. gxf5 gxf5 48. Nd6 Kg6 49. Nc8 Rxc8 50. Ke3 Rc3+ 51. Kf2 f4 52. Kg2 Kf6 53. Kf2 Ke5 54. Bg4 Rg3 55. Bf3 Rxh3 56. Bg4 Rg3 0-1


[Site "https://www.chess.com"]

[Event "Titled Tuesday Blitz November 15 Early 2022"]
[White "Beerdsen, Thomas"]
[Black "Kollars, Dmitrij"]
[WhiteFideId "1030108"]
[BlackFideId "12909572"]
[WhiteElo "2567"]
[BlackElo "2584"]
[Result "1-0"]
[Round "04"]
[TimeControl "180+1"]
[Date "2022.11.15"]
[WhiteClock "0:00:15"]
[BlackClock "0:00:02"]

1. e4 e5 2. Bc4 Nf6 3. d3 Nc6 4. Nc3 Na5 5. Nge2 Bc5 6. O-O O-O 7. a4 Nxc4 8. dxc4 d6 9. h3 Be6 10. b3 Nd7 11. Kh2 f5 12. exf5 Rxf5 13. Ne4 Qh4 14. N2g3 Raf8 15. Nxf5 Bxf5 16. Nxc5 Nxc5 17. Be3 Ne6 18. Qd5 Kh8 19. Rae1 b6 20. f4 e4 21. Bf2 Qh6 22. Qd2 Kg8 23. Be3 Qh4 24. Qf2 Qxf2 25. Rxf2 h5 26. a5 Kf7 27. axb6 axb6 28. Ra1 h4 29. Rd2 Ke7 30. Ra7 Kf6 31. Bf2 Rh8 32. Be3 Rb8 33. Rd5 g6 34. Kg1 Ke7 35. Kf2 Kd7 36. Bc1 Kc6 37. Ke3 Rg8 38. b4 Rf8 39. Ba3 Kd7 40. c5 Kc6 41. c4 dxc5 42. b5# 1-0


[Site "https://www.chess.com"]

[Event "Titled Tuesday Blitz November 15 Early 2022"]
[White "Boros, Denes"]
[Black "Aldokhin, Ivan"]
[WhiteFideId "722340"]
[BlackFideId "24115720"]
[WhiteElo "2464"]
[BlackElo "2313"]
[Result "1-0"]
[Round "04"]
[TimeControl "180+1"]
[Date "2022.11.16"]
[WhiteClock "0:00:03"]
[BlackClock "0:00:02"]

1. d4 Nf6 2. Nc3 d5 3. Bg5 c6 4. Nf3 Ne4 5. h4 Qb6 6. Rb1 e5 7. Na4 Qa5+ 8. c3 Nxg5 9. Nxg5 h6 10. b4 Qc7 11. Nh3 Bxh3 12. Rxh3 Nd7 13. dxe5 b5 14. Nb2 Nxe5 15. Qd4 Bd6 16. Rg3 O-O 17. f4 Ng6 18. e3 Rfe8 19. Kd1 c5 20. Qd2 d4 21. bxc5 Bxf4 22. exf4 Nxf4 23. cxd4 Rad8 24. Rf3 Ne6 25. Rd3 Nf4 26. Rb3 Ne6 27. Rd3 Nf4 28. Kc2 Nxd3 29. Qxd3 Qf4 30. Nd1 Rxd4 31. Qc3 Red8 32. Nb2 Rd2+ 33. Kb3 b4 34. Qc4 Qf2 35. Qb5 Qe3+ 36. Kxb4 Qd4+ 37. Nc4 a6 38. Qb6 Rc2 39. Rb3 Rc1 40. Be2 Rc8 41. c6 Qf2 42. Qxf2 Rb8+ 43. Ka4 Rc8 44. Rb4 1-0


[Site "https://www.chess.com"]

[Event "Titled Tuesday Blitz November 15 Early 2022"]
[White "Bortnyk, Olexandr"]
[Black "Timofeev, Artyom"]
[WhiteFideId "14120828"]
[BlackFideId "4140419"]
[WhiteElo "2723"]
[BlackElo "2586"]
[Result "1-0"]
[Round "04"]
[TimeControl "180+1"]
[Date "2022.11.15"]
[WhiteClock "0:00:33"]
[BlackClock "0:00:06"]

1. e4 c5 2. c3 d5 3. exd5 Qxd5 4. d4 Nc6 5. Be3 Bf5 6. Na3 cxd4 7. Nf3 e5 8. Bc4 Qd7 9. cxd4 Bb4+ 10. Bd2 Bxa3 11. bxa3 exd4 12. O-O Nge7 13. Bb4 O-O 14. Bxe7 Qxe7 15. Nxd4 Nxd4 16. Qxd4 Qxa3 17. Rfe1 Bg6 18. h4 Rad8 19. Qg4 Qc5 20. Rac1 Qd4 21. Qg5 Qf6 22. Qxf6 gxf6 23. Re7 Rd4 24. Rxb7 a5 25. Rb5 Rxh4 26. Rxa5 Kg7 27. Bb3 Rd8 28. Rd5 Rxd5 29. Bxd5 Rd4 30. Bb3 h5 31. Rc4 Rd2 32. Rc7 Rb2 33. f3 Kh6 34. Bxf7 Bxf7 35. Rxf7 Kg5 36. Ra7 Kf4 37. Kh2 Ke3 38. Rf7 Rb6 39. Rh7 Rb5 40. Rh6 Rf5 41. a4 Kf2 42. Rg6 Ra5 43. Rxf6 Rxa4 44. g4 hxg4 45. fxg4+ Ke3 46. Kg3 Ra1 47. Re6+ Kd4 48. g5 Rg1+ 49. Kh4 Kd5 50. Re2 Kd6 51. Kh5 1-0


[Site "https://www.chess.com"]